AoeStats
← kV0t3

Arabia

507652706Analyzed
1v1 RM · 14d ago on Sep 19, 2026· 19m 11s· 2 players
Game mode
Random Map
Map size
Tiny (2 player)
Population
200
Speed
Normal
Resources
Standard
Victory
Conquest
Starting age
Dark Age
Ending age
Imperial Age
RankedLock teamsTeams togetherTeam positionsShared explorationLock speedFull tech treeHidden civsTurbo modeCheats
Victory
Defeat
🇨🇳 Celts · China
1238
+16
🇦🇷 Maya · Argentina
1231
-16
kV0t3
0:25 Loom
9:26 Feudal Age
17:21 Fletching
Yo
6:33 Loom
9:12 Feudal Age
9:22 Man-at-Arms
10:06 Double-Bit Axe
14:42 Arson
15:09 Fletching
17:20 Horse Collar
Connection lost

Rejoining the realm…

Still unreachable

The connection could not be restored.

Session expired

The server has moved on; the page needs a fresh start.